 Dungeon Crawl Stone Soup version 0.31-a0-986-g5e6e4ef867 (webtiles) character file.

Game seed: 3487933982840637301

183696 Pooter the Severer (level 17, -4/244 HPs)
             Began as a Minotaur Berserker on Nov 11, 2023.
             Was an Elder of Trog.
             Killed from afar by a salamander tyrant (20 damage)
             ... with a flame surge
             ... on level 2 of the Snake Pit on Nov 13, 2023.
             The game lasted 03:29:18 (59914 turns).

Pooter the Severer (Minotaur Berserker)            Turns: 59914, Time: 03:29:18

Health: -4/244     AC: 21    Str: 30    XL:     17   Next: 37%
Magic:  16/16      EV: 17    Int: 10    God:    Trog [****..]
Gold:   1231       SH:  0    Dex: 17    Spells: 16/16 levels left

rFire   . . .        a - +3 battleaxe
rCold   . . .        (shield currently unavailable)
rNeg    . . .        I - +4 swamp dragon scales
rPois   +            L - +2 hat
rElec   +            W - scarf {repulsion}
rCorr   .            R - +2 pair of gloves
SInv    .            V - +0 pair of boots
Will    +++..        g - amulet of the acrobat Stlth
                     k - +6 ring of dexterity
HPRegen 1.60/turn    O - ring of Zuxopeg {*Corrode rElec rPois Str+3 Int+4}
MPRegen 0.15/turn

%: corrode self (3%), repel missiles, acrobat
@: berserking, weakened, strong-willed, regenerating, very quick
A: horns 2, retaliatory headbutt
}: 1/15 runes: decaying
a: Renounce Religion, Berserk, Trog's Hand, Brothers in Arms


You were on level 2 of the Snake Pit.
You worshipped Trog.
Trog was greatly pleased with you.
You visited 5 branches of the dungeon, and saw 28 of its levels.
You also visited: Sewer.

You collected 2724 gold pieces.
You spent 1493 gold pieces at shops.

Inventory:

Hand Weapons
 a - a +3 battleaxe (weapon)
   (You took it off an orc knight on level 13 of the Dungeon)
 b - a +5 arbalest of freezing
   (You took it off an orc warrior on level 1 of the Orcish Mines)
 c - a +1 dire flail of protection
   (You took it off an orc warrior on level 1 of the Orcish Mines)
Missiles
 j - 7 curare-tipped darts
 s - 4 datura-tipped darts
 w - 5 javelins
 G - 17 boomerangs (quivered)
 M - 8 atropa-tipped darts
Armour
 u - a +2 plate armour of fire resistance
   (You took it off an orc warrior on level 2 of the Orcish Mines)
 B - a scarf of resistance
   (You found it on level 1 of the Orcish Mines)
 I - +4 swamp dragon scales (worn)
   (You found it on level 1 of the Swamp)
 J - a +4 plate armour
   (You found it on level 7 of the Dungeon)
 L - a +2 hat (worn)
   (You found it on level 8 of the Dungeon)
 R - a +2 pair of gloves (worn)
   (You found it on level 3 of the Lair of Beasts)
 V - a +0 pair of boots (worn)
   (You found it on level 4 of the Lair of Beasts)
 W - a scarf of repulsion (worn)
   (You found it on level 13 of the Dungeon)
Jewellery
 g - an amulet of the acrobat (around neck)
   (You found it on level 11 of the Dungeon)
 k - a +6 ring of dexterity (left hand)
   (You took it off an orc on level 4 of the Dungeon)
 y - a +6 ring of strength
   (You took it off an efreet on level 15 of the Dungeon)
 A - a ring of ice
   (You took it off Fannar on level 3 of the Lair of Beasts)
 F - a ring of protection from fire
   (You found it on level 2 of the Swamp)
 N - a ring of positive energy
   (You found it on level 6 of the Dungeon)
 O - the ring of Zuxopeg (right hand) {*Corrode rElec rPois Str+3 Int+4}
   (You found it on level 5 of the Lair of Beasts)

   [ring of poison resistance]

   Str+3:     It affects your strength (+3).
   Int+4:     It affects your intelligence (+4).
   rElec:     It insulates you from electricity.
   rPois:     It protects you from poison *Corrode: It may corrode you when you
   take damage.
 S - the ring of Macafegg {Fly Str+7 Dex-2 Stlth+}
   (You found it on level 3 of the Lair of Beasts)

   [ring of flight]

   Str+7:     It affects your strength (+7).
   Dex-2:     It affects your dexterity (-2).
   Fly:       It grants you flight.
   Stlth+:    It makes you more stealthy.
Wands
 f - a wand of flame (21)
   (You found it on level 4 of the Dungeon)
 m - a wand of mindburst (4)
   (You found it on level 4 of the Swamp)
 x - a wand of acid (10)
   (You took it off Harold on level 1 of the Orcish Mines)
 D - a wand of digging (10)
   (You found it on level 4 of the Dungeon)
 Q - a wand of polymorph (8)
   (You found it on level 1 of the Swamp)
 Y - a wand of charming (10)
   (You found it on level 5 of the Lair of Beasts)
Scrolls
 d - 4 scrolls of vulnerability {!r}
 h - 4 scrolls of poison {!r}
 i - 7 scrolls of identify {@r1}
 l - 5 scrolls of immolation {!r}
 n - 9 scrolls of fog
 q - a scroll of blinking
 t - 3 scrolls of teleportation {@r4}
 C - a scroll of silence
 H - 4 scrolls of revelation
 K - 3 scrolls of noise {!r}
 X - 6 scrolls of fear
Potions
 e - 5 potions of enlightenment
 o - 8 potions of lignification {!q}
 p - 2 potions of cancellation
 r - 4 potions of might
 z - 4 potions of mutation {!q}
 E - 4 potions of haste {@q3}
 P - 5 potions of curing {@q1}
 T - 3 potions of invisibility
Miscellaneous
 v - a condenser vane
   (You found it on level 4 of the Swamp)
 Z - a sack of spiders
   (You found it on level 13 of the Dungeon)


   Skills:
 + Level 18.1 Fighting
 * Level 19.8 Axes
 - Level 18.0 Ranged Weapons
 - Level 11.6 Armour
 + Level 10.9 Dodging
 - Level 1.3 Stealth
 + Level 8.9 Evocations


You had 16 spell levels left.
You didn't know any spells.
Your spell library was empty.

Dungeon Overview and Level Annotations

Branches:
Dungeon (15/15) Zot: 23755  Temple (0/1) D:6            Lair (5/5) D:9 Zot: 18085
  Swamp (4/4) Lair:3 Zot: 10185   Snake (2/4) Lair:2 Zot: 10237   Slime (0/5) Lair:5
    Orc (2/2) D:10 Zot: 4930     Elf (0/3) Orc:2        Vaults (0/5) D:13
 Depths (0/4) D:15          Sewer (visited)

Altars:
Cheibriados
Elyvilon
Fedhas
Nemelex Xobeh
Qazlal
Sif Muna
Trog
Yredelemnul
The Shining One
Jiyva

Shops:
D:10 !   Orc:1 ?   Orc:2 *([(   Swamp:2 *   Snake:1 *   Snake:2 [

Portals:
Trove: D:10 (give +3 shadow dragon scales)

Annotations:
D:6 1 runed translucent door, Crazy Yiuf


Innate Abilities, Weirdness & Mutations

You have a pair of horns on your head.
You reflexively headbutt those who attack you in melee.


Message History

The salamander tyrant gazes fiercely through you!
You feel as though you will be weak longer.
You shoot a bolt. The bolt hits the salamander tyrant!
The bolt freezes the salamander tyrant.
The salamander tyrant calls gouts of flame from the lava!
The flame surge hits you!!!
* * * LOW HITPOINT WARNING * * *
Your skin crawls.
You feel strong-willed.
The salamander tyrant calls gouts of flame from the lava!
The flame surge hits you!!
* * * LOW HITPOINT WARNING * * *
The salamander tyrant gazes fiercely through you!
You feel as though you will be weak longer.
The salamander tyrant barely misses you.
Your +5 arbalest of freezing stops glowing.
a - a +3 battleaxe (weapon)
The salamander tyrant calls gouts of flame from the lava!
The flame surge hits you!!
* * * LOW HITPOINT WARNING * * *
A red film seems to cover your vision as you go berserk!
You feel yourself moving faster!
You feel mighty!
The salamander tyrant gazes fiercely through you!
You feel as though you will be weak longer.
The salamander tyrant hits you but does no damage.
You are too injured to fight recklessly!
You are too injured to fight recklessly!
You are too injured to fight recklessly!
You are too injured to fight recklessly!
You slash the salamander tyrant! You headbutt the salamander tyrant!
The salamander tyrant gazes fiercely through you!
You feel as though you will be weak longer.
A salamander comes into view.
The salamander tyrant barely misses you.
You furiously retaliate!
You headbutt the salamander tyrant!
The salamander tyrant gazes fiercely through you!
You feel as though you will be weak longer.
The salamander tyrant misses you. You furiously retaliate!
You headbutt the salamander tyrant!
A salamander mystic comes into view. It is wielding a +2 scimitar of pain.
You slice the salamander tyrant!! x2; You hit the salamander tyrant.
The salamander tyrant calls gouts of flame from the lava!
The flame surge hits you!!
* * * LOW HITPOINT WARNING * * *
You hit the salamander tyrant but do no damage.
Your headbutt misses the salamander tyrant.
You slash the salamander tyrant! x2
The salamander tyrant calls gouts of flame from the lava!
The flame surge hits you!!
You die...

#############
##≈#≈#§#≈#N#§#≈#
##........§§@N.§§
#####).....)#≈#≈#NN§§§#
...#)§#§#..#≈#####≈.§§#
...'.#§§§#.≈## ≈N.§≈#
#..'.§≈≈≈≈.## ..≈§#
#..'.#≈≈≈#.§ ..≈§#
####..#§#..#§# N≈##
##......§#≈ ≈≈#
##.........


You could see 3 salamander tyrants, 2 salamander mystics and a salamander.

Vanquished Creatures
  A tentacled monstrosity (Swamp:2)
  Agnes (Snake:1)
  A thorn hunter (Swamp:4)
  A fire giant (D:14)
  Roxanne (Swamp:1)
  The ghost of Pooter the Marksminotaur, a journeyman MiBe of Trog (Lair:5)
  2 eleionomae
  A stone giant (D:15)
  A vampire knight (D:13)
  The ghost of Zyxuithu the Black Belt, a journeyman MeSh (Lair:4)
  Nessos (Lair:4)
  2 bunyips
  A fire dragon (Lair:5)
  An ettin (Orc:2)
  Fannar (Lair:3)
  Harold (Orc:1)
  26 hydras
  Erolcha (Orc:1)
  Erica (Lair:2)
  8 alligators
  5 anacondas
  7 boulder beetles
  2 catoblepae
  2 ghost crabs
  4 tengu warriors
  A naga warrior (Snake:1)
  5 centaur warriors
  10 two-headed ogres
  3 death knights
  A shock serpent (Snake:1)
  An orc high priest (Orc:2)
  2 spriggan berserkers (Swamp:4)
  A spectral death yak (Lair:5)
  4 skeletal warriors
  Sonja (D:10)
  2 skysharks
  4 goliath frogs
  Lodul (D:13)
  3 spriggan druids
  A lindwurm (Lair:5)
  A naga ritualist (Snake:1)
  8 bog bodies
  2 necromancers (D:13)
  10 swamp dragons
  A spectral wolf spider (D:13)
  5 orc knights
  An arcanist (D:13)
  4 will-o-the-wisps
  6 deep elf pyromancers
  15 ugly things
  A deep elf zephyrmancer (D:13)
  6 orc sorcerers (Orc:2)
  4 mana vipers (Snake:1)
  3 manticores
  2 oklob plants (Lair:5)
  10 cyclopes
  2 spectral centaurs (D:13)
  4 salamanders (Snake:2)
  A spectral ice dragon (D:13)
  13 black mambas
  3 naga magi (Snake:1)
  3 elephants (Lair:4)
  2 guardian serpents
  11 cane toads
  3 molten gargoyles (Lair:5)
  Joseph (D:9)
  3 gargoyles
  2 centaur skeletons (D:13)
  A torpor snail (Lair:4)
  4 rime drakes
  An unseen horror (D:12)
  A tengu conjurer (D:13)
  15 komodo dragons
  A spectral deep troll (D:13)
  13 freezing wraiths
  An efreet (D:15)
  A harpy zombie (D:13)
  13 trolls
  11 hornets
  6 tyrant leeches
  3 polar bears (Lair:2)
  A bloated husk (Swamp:2)
  14 blink frogs
  2 wolf spider simulacra (D:13)
  A spectral meliai (D:13)
  6 dream sheep (Lair:5)
  3 flying skulls (D:13)
  A spectral black mamba (Lair:5)
  A centaur simulacrum (D:14)
  A slime creature (D:14)
  15 spriggans
  A spriggan (shapeshifter) (D:15)
  Sigmund (D:2)
  40 yaks
  2 vampires (D:13)
  8 wraiths
  5 wyverns
  2 steam dragons (Lair:5)
  3 basilisks
  A catoblepas simulacrum (Lair:5)
  12 vampire mosquitoes
  12 swamp worms
  Edmund (D:6)
  5 nagas
  3 wargs
  3 acid dragons
  9 hell hounds
  21 water moccasins
  A water moccasin (shapeshifter) (D:14)
  17 orc warriors
  7 swamp drakes (Swamp:4)
  A meliai simulacrum (D:13)
  2 black bears
  15 ogres
  2 ice beasts
  2 boulder beetle simulacra (Lair:5)
  A boggart (shapeshifter) (D:13)
  27 wolves
  An ice dragon simulacrum (D:13)
  2 phantoms
  5 centaurs
  12 kobold brigands
  9 bullfrogs
  2 deep troll simulacra (D:13)
  4 gnoll sergeants
  A scorpion (Lair:1)
  3 wights (D:6)
  A hornet simulacrum (D:14)
  12 killer bees
  A howler monkey (D:7)
  5 lava snakes (Lair:5)
  25 orc priests
  3 jellies
  2 gnoll boudas
  A sleepcap (D:4)
  4 hounds
  30 orc wizards
  5 iguanas
  16 gnolls
  7 adders
  5 river rats
  A shadow imp (D:7)
  5 worms
  55 orcs
  9 endoplasms
  2 giant cockroaches
  6 goblins
  4 hobgoblins
  9 jackals
  2 quokkas
  13 ball pythons
  2 bats (D:2)
  4 frilled lizards
  32 kobolds
  5 rats
866 creatures vanquished.

Vanquished Creatures (collateral kills)
  A gnoll bouda (D:5)
  5 gnolls (D:5)
6 creatures vanquished.

Vanquished Creatures (others)
  A centaur (D:11)
  A howler monkey (D:11)
  A gnoll (D:5)
  8 foxfires (Swamp:4)
11 creatures vanquished.

Grand Total: 883 creatures vanquished

Notes
Turn   | Place    | Note
-------+----------+-------------------------------------------
     0 | D:1      | Pooter the Minotaur Berserker began the quest for the Orb.
     0 | D:1      | Reached XP level 1. HP: 19/19 MP: 0/0
   103 | D:1      | Reached XP level 2. HP: 23/27 MP: 1/1
   106 | D:1      | Reached skill level 4 in Axes
   123 | D:1      | Reached skill level 1 in Stealth
   517 | D:2      | Reached ** piety under Trog
   528 | D:2      | Reached XP level 3. HP: 33/33 MP: 2/2
   607 | D:2      | Noticed Sigmund
   620 | D:2      | Killed Sigmund
   621 | D:2      | Reached skill level 5 in Axes
   621 | D:2      | Reached XP level 4. HP: 41/41 MP: 3/3
   621 | D:2      | Reached XP level 5. HP: 47/47 MP: 4/4
   681 | D:2      | Found a faded altar of an unknown god.
  1430 | D:3      | Found a snail-covered altar of Cheibriados.
  1495 | D:3      | You fall into a shaft and drop 2 floors!
  1495 | D:5      | Entered Level 5 of the Dungeon
  2003 | D:4      | Reached XP level 6. HP: 50/55 MP: 5/5
  2159 | D:4      | Reached skill level 6 in Axes
  3095 | D:4      | Reached skill level 5 in Fighting
  3705 | D:5      | Reached XP level 7. HP: 57/61 MP: 6/6
  3772 | D:5      | Reached *** piety under Trog
  3829 | D:5      | Found a sparkling altar of Nemelex Xobeh.
  3829 | D:5      | Found a shimmering blue altar of Sif Muna.
  3938 | D:5      | Reached skill level 7 in Axes
  3942 | D:5      | Reached skill level 5 in Ranged Weapons
  4797 | D:6      | Reached XP level 8. HP: 52/70 MP: 7/7
  4803 | D:6      | Reached skill level 8 in Axes
  4843 | D:6      | Found a staircase to the Ecumenical Temple.
  4897 | D:6      | Found a glowing drain.
  4909 | D:6      | Identified the +7 falchion of Contradiction {vamp, rC+
                  | Str+5 Dex+3}
  4937 | Sewer    | Entered a sewer
  5270 | Sewer    | Reached skill level 9 in Axes
  5767 | Sewer    | Reached **** piety under Trog
  5967 | D:6      | Reached XP level 9. HP: 77/79 MP: 8/8
  6129 | D:6      | Found a white marble altar of Elyvilon.
  6177 | D:6      | Noticed Edmund
  6184 | D:6      | Killed Edmund
  6227 | D:6      | Found a glowing golden altar of the Shining One.
  6284 | D:6      | Found a runed translucent door.
  6285 | D:6      | Noticed Crazy Yiuf
  6586 | D:6      | Reached skill level 10 in Axes
  7636 | D:7      | Reached skill level 11 in Axes
  8559 | D:8      | Reached XP level 10. HP: 90/90 MP: 9/9
  8673 | D:8      | Reached skill level 10 in Ranged Weapons
  8752 | D:8      | Reached skill level 12 in Axes
  9013 | D:9      | Found a staircase to the Lair.
  9372 | D:9      | Noticed Joseph
  9537 | D:9      | Killed Joseph
  9538 | D:9      | Reached skill level 13 in Axes
 10040 | D:10     | Entered Level 10 of the Dungeon
 10058 | D:10     | Noticed a two-headed ogre
 10066 | D:10     | Killed a two-headed ogre
 10067 | D:10     | Reached XP level 11. HP: 99/99 MP: 10/10
 10149 | D:10     | Reached skill level 10 in Fighting
 10339 | D:10     | Found a portal to a secret trove of treasure.
 10387 | D:10     | Found a stormy altar of Qazlal.
 10413 | D:10     | Found Xoyroli Lohi's Distillery.
 10638 | D:10     | Noticed Sonja
 10654 | D:10     | Killed Sonja
 10788 | D:10     | Bought a potion of heal wounds for 70 gold pieces
 10788 | D:10     | Bought a potion of curing for 42 gold pieces
 10788 | D:10     | Bought a potion of curing for 42 gold pieces
 10788 | D:10     | Bought a potion of heal wounds for 70 gold pieces
 11036 | D:10     | Found a blossoming altar of Fedhas.
 11177 | D:10     | Found a staircase to the Orcish Mines.
 11187 | D:14     | Identified the "Utexah"
 11187 | Orc:1    | Entered Level 1 of the Orcish Mines
 11856 | Orc:1    | Noticed an orc knight
 11895 | Orc:1    | Killed an orc knight
 12288 | Orc:1    | Reached skill level 14 in Axes
 12728 | Orc:1    | Found Bohycup's Magic Scroll Boutique.
 12774 | Orc:1    | Bought a scroll of identify for 36 gold pieces
 12774 | Orc:1    | Bought a scroll of identify for 36 gold pieces
 12774 | Orc:1    | Bought a scroll of identify for 36 gold pieces
 12774 | Orc:1    | Bought a scroll of identify for 36 gold pieces
 12894 | Orc:2    | Entered Level 2 of the Orcish Mines
 12894 | Orc:2    | Noticed an ettin
 12896 | Orc:2    | Noticed an orc sorcerer
 12896 | Orc:2    | Noticed an orc knight
 13247 | Lair:1   | Entered Level 1 of the Lair of Beasts
 14283 | Lair:2   | Reached skill level 15 in Axes
 14674 | Lair:2   | Reached XP level 12. HP: 85/110 MP: 11/11
 15010 | Lair:2   | Noticed Erica
 15023 | Lair:2   | Killed Erica
 15743 | Lair:2   | Reached skill level 16 in Axes
 16198 | Lair:2   | Found a staircase to the Snake Pit.
 17437 | Lair:3   | Found a staircase to the Swamp.
 17508 | Lair:3   | Noticed Fannar
 17522 | Lair:3   | Killed Fannar
 17818 | Lair:3   | Identified the ring of Macafegg {Fly Str+7 Dex-2 Stlth+}
 18325 | Lair:4   | Reached skill level 15 in Ranged Weapons
 18325 | Lair:4   | Reached skill level 5 in Armour
 18526 | D:10     | Bought 2 potions of invisibility for 224 gold pieces
 18639 | Lair:4   | Reached XP level 13. HP: 60/119 MP: 12/12
 18804 | Lair:4   | Found a runed translucent gate.
 18804 | Lair:4   | Found a runed translucent gate.
 18804 | Lair:4   | Found a runed translucent gate.
 18875 | Lair:4   | Noticed Zyxuithu's ghost (journeyman MeSh)
 18904 | Lair:4   | Noticed Nessos
 18921 | Lair:4   | Killed Nessos
 20388 | Lair:5   | Entered Level 5 of the Lair of Beasts
 20450 | Lair:5   | Found a runed translucent gate.
 20450 | Lair:5   | Found a runed translucent gate.
 20450 | Lair:5   | Found a runed translucent gate.
 20458 | Lair:5   | Noticed Pooter's ghost (journeyman MiBe)
 20589 | Lair:5   | Killed Pooter's ghost
 20802 | Lair:5   | Identified the ring of Zuxopeg {*Corrode rElec rPois Str+3
                  | Int+4}
 20940 | Lair:5   | Identified the +2 robe of Fugi {rPois Int+3 Dex+4}
 21098 | Lair:5   | Found a staircase to the Slime Pits.
 21099 | Lair:5   | Found a viscous altar of Jiyva.
 21595 | Lair:5   | HP: 2/123 [oklob plant/splash of acid (22)]
 22694 | Lair:5   | Noticed a fire dragon
 22699 | Lair:5   | Found a large runed translucent door.
 22699 | Lair:5   | Found a large runed translucent door.
 22907 | Lair:5   | Reached XP level 14. HP: 111/132 MP: 13/13
 25303 | D:12     | Found the +6 shillelagh "Devastator" {shatter}
 25324 | D:12     | Reached skill level 1 in Evocations
 28832 | D:13     | Found a gate to the Vaults.
 29216 | D:13     | Reached skill level 15 in Fighting
 29276 | D:13     | Reached skill level 10 in Armour
 30121 | D:13     | Reached skill level 5 in Dodging
 31523 | D:13     | Found a basalt altar of Yredelemnul.
 31523 | D:13     | Noticed a vampire knight
 31523 | D:13     | Noticed Lodul
 31533 | D:13     | Reached XP level 15. HP: 141/141 MP: 14/14
 31548 | D:13     | Killed Lodul
 32039 | D:13     | Identified the ring "Wyoschaask" {Will+ Str+4 Int+4 Slay-3}
 35447 | Orc:1    | Reached skill level 5 in Evocations
 36775 | Orc:1    | Noticed Erolcha
 36775 | Orc:1    | Noticed Harold
 36786 | Orc:1    | Killed Harold
 36840 | Orc:1    | Killed Erolcha
 37252 | Orc:2    | Found Caosoam's Assorted Antiques.
 37252 | Orc:2    | Found Umagisko's Antique Armour Shoppe.
 37253 | Orc:2    | Found Qyluvoic's Antique Weapon Shoppe.
 37257 | Orc:2    | Found Obbyas's Antique Weapon Emporium.
 37362 | Orc:2    | Found a staircase to the Elven Halls.
 37853 | D:14     | Noticed a fire giant
 37858 | D:14     | Killed a fire giant
 38287 | D:14     | Identified the +2 ring mail of Qovothryq {rElec Int+2}
 39883 | D:15     | Entered Level 15 of the Dungeon
 42407 | D:15     | Reached skill level 17 in Axes
 42674 | D:15     | Found a staircase to the Depths.
 42680 | D:15     | Reached XP level 16. HP: 151/152 MP: 15/15
 42746 | D:15     | Identified the +1 robe of the Evening {Harm rElec rPois
                  | Dex-5}
 42872 | D:15     | Found a bloodstained altar of Trog.
 42899 | D:15     | Identified the +5 dagger of Gluttony {freeze, Fragile rF++}
 43256 | Lair:4   | Killed Zyxuithu's ghost
 43359 | Swamp:1  | Entered Level 1 of the Swamp
 43359 | Swamp:1  | Identified the granite talisman of Space {Will- MP+9 Slay+4
                  | Stlth+}
 43359 | Swamp:1  | Noticed Roxanne
 46102 | Swamp:1  | Killed Roxanne
 46887 | Swamp:2  | Found Qyaps's Island Escapes.
 47196 | Swamp:2  | Bought a scroll of fog for 68 gold pieces
 47196 | Swamp:2  | Bought a potion of haste for 170 gold pieces
 47196 | Swamp:2  | Bought a potion of invisibility for 136 gold pieces
 47196 | Swamp:2  | Bought a potion of invisibility for 136 gold pieces
 47196 | Swamp:2  | Bought a scroll of fog for 68 gold pieces
 47196 | Swamp:2  | Bought a scroll of teleportation for 51 gold pieces
 47737 | Swamp:2  | Reached skill level 18 in Axes
 48272 | Swamp:2  | Noticed a tentacled monstrosity
 48291 | Swamp:2  | Killed a tentacled monstrosity
 52004 | Swamp:4  | Entered Level 4 of the Swamp
 53565 | Swamp:4  | Reached skill level 10 in Dodging
 54743 | Swamp:4  | Noticed a thorn hunter
 54754 | Swamp:4  | Killed a thorn hunter
 54898 | Swamp:4  | Reached skill level 19 in Axes
 55502 | Swamp:4  | Reached XP level 17. HP: 163/163 MP: 16/16
 57970 | Swamp:4  | Got a decaying rune of Zot
 58143 | Snake:1  | Entered Level 1 of the Snake Pit
 58498 | Snake:1  | Noticed Agnes
 58506 | Snake:1  | Killed Agnes
 59126 | Snake:1  | Found Wipsan's Assorted Antiques.
 59135 | Snake:1  | Bought a scroll labelled WESAKI HUOWKO for 32 gold pieces
 59135 | Snake:1  | Bought a scroll of enchant armour for 240 gold pieces
 59725 | Snake:2  | Found Dobrynya's Dragon-Slaying Spoils.
 59914 | Snake:2  | Killed from afar by a salamander tyrant

Illustrated notes

Levels and vault maps discovered:
D:1:      lemuel_arrival_cross, layout_rooms, minmay_misc_feat_more_columns,
          st_stairs_4
D:2:      layout_basic, basic_ecumenical_altar, uniq_sigmund
D:3:      wad_lake_hut, layout_basic, mainiacjoe_overflow_catwalk,
          minmay_misc_feat_tower, kennysheep_path_1
D:4:      kennysheep_big_flooded_room, layout_loops_ring, corexii_corridor_pit
D:5:      layout_layer_cave, gammafunk_temple_overflow_wave,
          nicolae_grassy_gnolls
D:6:      layout_basic, kennysheep_mini_moat, tso_oasis_becter,
          temple_fountains, cheibrodos_sewer_entry_sluice, uniq_edmund,
          uniq_crazy_yiuf_cottage
D:7:      minmay_clustersquares, layout_basic
D:8:      layout_loops_ring
D:9:      layout_cave_pools, minmay_lair_entry_grove, uniq_joseph
D:10:     layout_basic, mainiacjoe_overflow_six_doors_small, marbit_many_paths,
          orc_0_dummy, trove_entry_hex_spiral, serial_shops, shop,
          chequers_garden, uniq_sonja
D:11:     layout_small_grid, lemuel_flamethrower_2
D:12:     layout_basic, serial_corexii_hall, corexii_hall_statues_u,
          corexii_hall_statues_i, corexii_hall_statues_i,
          dilly_guarded_unrand_devastator
D:13:     lemuel_vampire_tower, layout_basic, david_vaults_1, uniq_lodul
D:14:     cheibrodos_monumental, layout_basic, wad_floor_pattern_untrapped,
          kennysheep_kite_vault
D:15:     grunt_enter_depths_snipers, layout_loops_ring, bloody_trog
Lair:1:   layout_gridlike, grunt_megastairs_2
Lair:2:   layout_roguey, minmay_snake_entry_spellcaster, ldierk_geyser,
          grunt_megastairs_5, uniq_erica
Lair:3:   layout_cave_shapes, skrybe_swamp_entry_bodies, serial_bayou_shore_b,
          uniq_fannar
Lair:4:   beast_lair_carwin_large_3, layout_misc_corridors,
          ebering_ghost_rock_garden, serial_bayou_shore_b, serial_bayou_shore_b,
          uniq_nessos
Lair:5:   cheibrodos_lair_end_hotspot, layout_layer_cave,
          minmay_slime_entry_oklob_open, gammafunk_ghost_necromancy
Swamp:1:  layout_falls_marsh, hangedman_swamp_ruin_wall, swamp_pool_1_2,
          uniq_roxanne
Swamp:2:  layout_basic_swamp, evilmike_swamp_ruin_rubble_1,
          nicolae_island_escapes
Swamp:3:  layout_basic_swamp, nicolae_swamp_tree_designs,
          nicolae_swamp_tree_isthmus
Swamp:4:  swamp_basic_johnstein, layout_basic_swamp, swamp_pool_1_2,
          infiniplex_staircase_pool_2
Snake:1:  layout_honeycomb, serial_shops, shop, uniq_agnes
Snake:2:  cheibrodos_snake_lava_hold, layout_concentric_octagons,
          nicolae_shop_dragon_depot, drop_trap
Orc:1:    layout_caves, serial_shops, nicolae_shop_stone, basic_altar,
          minmay_orc_keep, uniq_erolcha, uniq_harold
Orc:2:    st_orc_mages, layout_caves

Skill      XL: |  1  2  3  4  5  6  7  8  9 10 11 12 13 14 15 16 17 |
---------------+----------------------------------------------------+-----
Axes           | 4 5 6 7 9 11 13 15 16 17 19 | 19.8
Stealth        | 1 |  1.3
Fighting       | 4 5 6 7 8 9 11 12 14 15 16 17 18 | 18.1
Ranged Weapons | 2 3 4 5 7 9 11 13 15 17 18 | 18.0
Armour         | 5 8 10 11 | 11.6
Evocations     | 4 6 8 |  8.9
Dodging        | 5 8 10 | 10.9

Action                     |  1- 3 |  4- 6 |  7- 9 | 10-12 | 13-15 | 16-18 || total
---------------------------+-------+-------+-------+-------+-------+-------++-------
  Melee: Trident           |    41 |       |       |       |       |       ||    41
         Hand axe          |     5 |       |       |       |       |       ||     5
         Headbutt          |     2 |    14 |    41 |    79 |   165 |    74 ||   375
         War axe           |     6 |    84 |   214 |   413 |   370 |       ||  1087
         Punch             |       |       |       |     2 |     7 |       ||     9
         Dire flail        |       |       |       |       |     7 |    24 ||    31
         Battleaxe         |       |       |       |       |   274 |   280 ||   554
   Fire: Sling             |     7 |    66 |    57 |    49 |       |       ||   179
         Arbalest          |       |       |       |    94 |   582 |   385 ||  1061
         Longbow           |       |       |       |       |    13 |       ||    13
  Throw: Stone             |       |     2 |       |       |       |       ||     2
         Dart              |       |       |    36 |     7 |     9 |       ||    52
         Boomerang         |       |       |       |       |     3 |     4 ||     7
 Invoke: Trog's Hand       |     1 |     2 |     2 |    17 |    35 |    15 ||    72
         Berserk           |     1 |       |     6 |    20 |    26 |    16 ||    69
  Evoke: Wand              |       |       |     9 |     6 |     4 |     2 ||    21
    Use: Scroll            |       |     6 |    10 |    16 |    15 |    11 ||    58
         Potion            |       |       |       |     1 |     8 |     7 ||    16
   Stab: Invisible         |       |       |       |       |     4 |     4 ||     8
         Sleeping          |       |       |       |       |       |     1 ||     1
 Armour: Chain mail        |    50 |    62 |    86 |       |       |       ||   198
         Animal skin       |     1 |       |       |       |       |       ||     1
         Plate armour      |       |       |    54 |   437 |   785 |   260 ||  1536
         Skin              |       |       |       |    10 |       |       ||    10
         Swamp dragon scal |       |       |       |       |       |   255 ||   255
  Dodge: Dodged            |    29 |    30 |    59 |   135 |   368 |   358 ||   979
         Repelled          |       |       |       |       |     5 |    18 ||    23
  Block: Kite shield       |       |    37 |   129 |   121 |       |       ||   287

Table legend: (Time is in decaauts)
 A = Elapsed time spent in this place.
 B = Non-inter-level travel time spent in this place.
 C = Inter-level travel time spent in this place.
 D = Time resting spent in this place.
 E = Time spent auto-exploring this place.
 F = Levels seen in this place.
 G = Mean time per level.
                   A        B        C        D        E       F      G
               +--------+--------+--------+--------+--------+-----+--------+
         Total |  60840 |  59068 |   1772 |  34529 |  16855 |  29 | 2097.9 |
       Dungeon |  25091 |  24332 |    759 |  11746 |   8864 |  15 | 1672.7 |
          Lair |  11914 |  11154 |    760 |   5241 |   4605 |   5 | 2382.8 |
         Swamp |  13814 |  13643 |    171 |  10817 |   1337 |   4 | 3453.5 |
     Snake Pit |   1761 |   1729 |     32 |    838 |    701 |   2 |  880.5 |
  Orcish Mines |   7070 |   7021 |     49 |   5573 |    716 |   2 | 3535.0 |
         Sewer |   1187 |   1187 |      0 |    311 |    631 |   1 | 1187.0 |
               +--------+--------+--------+--------+--------+-----+--------+

Top non-repeatable levels by time:
    D:13: 6318 daAuts
 Swamp:4: 4974 daAuts
   Orc:2: 4606 daAuts
 Swamp:3: 3781 daAuts
  Lair:5: 3462 daAuts
    D:15: 3159 daAuts
  Lair:3: 3114 daAuts
 Swamp:2: 2587 daAuts
 Swamp:1: 2471 daAuts
   Orc:1: 2463 daAuts
  Lair:2: 2224 daAuts
    D:14: 2166 daAuts
  Lair:4: 2040 daAuts
     D:8: 1583 daAuts
     D:5: 1490 daAuts
